PA
CHICAGO TULA @ CALDWELL CHIEFS
08/19/2042
 
TOP OF THE 1ST
Chicago Tula batting - Pitching for Caldwell Chiefs : RHP Helge Zharuev
Pitching: RHP Helge Zharuev
Batting: RHB Esteban Rojas 0-0: Swinging Strike
0-1: Foul Ball, location: 2F
0-2: Ball
1-2: Ball
2-2: Foul Ball, location: 2F
2-2: Foul Ball, location: 2F
2-2: Ball
3-2: Foul Ball, location: 2F
3-2: SINGLE (Line Drive, 8RS, EV 90.6 MPH)
Batting: RHB Jeff Weber 0-0: Fielders Choice at 2nd, 1-4 (Groundball, P, EV 66.2 MPH)
Batting: LHB Cisco Gracía 0-0: Fielders Choice at 2nd, 6-4 (Groundball, 56, EV 83.1 MPH)
Batting: RHB Guillermo Dettori 0-0: Called Strike
Cisco Gracía steals 2nd base
0-1: Ball
1-1: Foul Ball, location: 2F
1-2: Strikes out looking
Top of the 1st over - 0 runs, 1 hit, 0 errors, 1 left on base; Chicago 0 - Caldwell 0
BOTTOM OF THE 1ST
Caldwell Chiefs batting - Pitching for Chicago Tula : LHP Clément Moreno
Pitching: LHP Clément Moreno
Batting: RHB Luis Miguel Monteblanco 0-0: Ball
1-0: Ball
2-0: Ground out U3 (Groundball, 3L, EV 86.9 MPH)
Batting: RHB Nick Davis 0-0: Reached on error, E3 (Groundball, 34, EV 85.6 MPH)
Batting: RHB Derrick Davis 0-0: Ball
1-0: Fly out, F9 (Flyball, 9S, EV 83.8 MPH)
Batting: RHB Gin-fan Chong 0-0: Ball
1-0: Ball
2-0: Called Strike
2-1: Foul Ball, location: 2F
2-2: Strikes out swinging
Bottom of the 1st over - 0 runs, 0 hits, 1 error, 1 left on base; Chicago 0 - Caldwell 0
TOP OF THE 2ND
Chicago Tula batting - Pitching for Caldwell Chiefs : RHP Helge Zharuev
Batting: LHB Andrew Gray 0-0: Ground out 6-3 (Groundball, 6, EV 88.8 MPH)
Batting: RHB Kichibei Kawaguchi 0-0: Ball
1-0: Called Strike
1-1: Foul Ball, location: 2F
1-2: Strikes out swinging
Batting: RHB John Montgomery 0-0: Ball
1-0: Called Strike
1-1: Called Strike
1-2: Strikes out swinging
Top of the 2nd over - 0 runs, 0 hits, 0 errors, 0 left on base; Chicago 0 - Caldwell 0
BOTTOM OF THE 2ND
Caldwell Chiefs batting - Pitching for Chicago Tula : LHP Clément Moreno
Batting: RHB Dan Babauta 0-0: Ball
1-0: Ball
2-0: Swinging Strike
2-1: Ground out 5-3 (Groundball, 56, EV 101.2 MPH)
Batting: RHB Kane Felton 0-0: Ball
1-0: Ball
2-0: Called Strike
2-1: Called Strike
2-2: Strikes out looking
Batting: LHB John Kersey 0-0: Ball
1-0: Called Strike
1-1: Called Strike
1-2: Foul Ball, location: 2F
1-2: Strikes out looking
Bottom of the 2nd over - 0 runs, 0 hits, 0 errors, 0 left on base; Chicago 0 - Caldwell 0
TOP OF THE 3RD
Chicago Tula batting - Pitching for Caldwell Chiefs : RHP Helge Zharuev
Batting: RHB Chad Brown 0-0: Ball
1-0: SINGLE (Line Drive, 56, EV 96.2 MPH)
Batting: RHB Millard King 0-0: Ball
1-0: Called Strike
1-1: Foul Ball, location: 2F
1-2: Ball
2-2: Strikes out looking
Batting: RHB Esteban Rojas 0-0: Ball
1-0: Called Strike
1-1: Ball
2-1: Foul Ball, location: 2F
2-2: Ball
3-2: Ground out 6-3 (Groundball, 6, EV 83.8 MPH)
Chad Brown to second
Batting: RHB Jeff Weber 0-0: Foul Ball, location: 2F
0-1: Ball
1-1: Foul Ball, location: 2F
1-2: Ball
2-2: Fly out, F8 (Line Drive, 8LD, EV 92.5 MPH)
Top of the 3rd over - 0 runs, 1 hit, 0 errors, 1 left on base; Chicago 0 - Caldwell 0
BOTTOM OF THE 3RD
Caldwell Chiefs batting - Pitching for Chicago Tula : LHP Clément Moreno
Batting: RHB Clark Curtis 0-0: SINGLE (Line Drive, 89M, EV 95.6 MPH)
Batting: RHB Tim Garner Pickoff Throw to First - Out! 1-3
0-0: Called Strike
0-1: Called Strike
0-2: Ball
1-2: Foul Ball, location: 2F
1-2: Ball
2-2: Ball
3-2: Foul Ball, location: 2F
3-2: Strikes out looking
Batting: RHB Luis Miguel Monteblanco 0-0: Ball
1-0: Ball
2-0: Ball
3-0: Base on Balls
Batting: RHB Nick Davis 0-0: Ball
1-0: Called Strike
1-1: Called Strike
Luis Miguel Monteblanco steals 2nd, throwing error, E2
Luis Miguel Monteblanco to third
1-2: Ball
2-2: Foul Ball, location: 2F
2-2: Foul Ball, location: 2F
2-2: Ground out 6-3 (Groundball, 6, EV 78.8 MPH)
Bottom of the 3rd over - 0 runs, 1 hit, 1 error, 1 left on base; Chicago 0 - Caldwell 0
TOP OF THE 4TH
Chicago Tula batting - Pitching for Caldwell Chiefs : RHP Helge Zharuev
Batting: LHB Cisco Gracía 0-0: Called Strike
0-1: Ball
1-1: Foul Ball, location: 2F
1-2: Ball
2-2: Foul Ball, location: 2F
2-2: Foul Ball, location: 2F
2-2: Strikes out looking
Batting: RHB Guillermo Dettori 0-0: Ball
1-0: Swinging Strike
1-1: SINGLE (Line Drive, 78S, EV 92.5 MPH)
Batting: LHB Andrew Gray 0-0: Hit by Pitch
Guillermo Dettori to second
Batting: RHB Kichibei Kawaguchi 0-0: Swinging Strike
0-1: Ball
1-1: Foul Ball, location: 2F
1-2: Strikes out swinging
Batting: RHB John Montgomery 0-0: Foul Ball, location: 2F
0-1: Foul Ball, location: 2F
0-2: Ball
1-2: TRIPLE (Flyball, 89XD, EV 105.6 MPH)
Guillermo Dettori scores
Andrew Gray scores
Batting: RHB Chad Brown 0-0: Ground out 1-3 (Groundball, 13, EV 70.6 MPH)
Top of the 4th over - 2 runs, 2 hits, 0 errors, 1 left on base; Chicago 2 - Caldwell 0
BOTTOM OF THE 4TH
Caldwell Chiefs batting - Pitching for Chicago Tula : LHP Clément Moreno
Batting: RHB Derrick Davis 0-0: Ball
1-0: Foul Ball, location: 2F
1-1: Ball
2-1: Swinging Strike
2-2: SOLO HOME RUN (Line Drive, 78XD, EV 103.1 MPH), Distance : 432 ft
Batting: RHB Gin-fan Chong 0-0: Foul Ball, location: 2F
0-1: Ball
1-1: Ball
2-1: Ground out 4-3 (Groundball, 4, EV 90.6 MPH)
Batting: RHB Dan Babauta 0-0: Ball
1-0: Foul Ball, location: 2F
1-1: Foul Ball, location: 2F
1-2: Fly out, F9 (Line Drive, 9, EV 98.8 MPH)
Batting: RHB Kane Felton 0-0: Fly out, F8 (Flyball, 89M, EV 83.1 MPH)
Bottom of the 4th over - 1 run, 1 hit, 0 errors, 0 left on base; Chicago 2 - Caldwell 1
TOP OF THE 5TH
Chicago Tula batting - Pitching for Caldwell Chiefs : RHP Helge Zharuev
Batting: RHB Millard King 0-0: Swinging Strike
0-1: Ground out 6-3 (Groundball, 6M, EV 86.2 MPH)
Batting: RHB Esteban Rojas 0-0: Foul Ball, location: 2F
0-1: Foul Ball, location: 2F
0-2: Ground out 5-3 (Groundball, 56, EV 86.2 MPH)
Batting: RHB Jeff Weber 0-0: Called Strike
0-1: Called Strike
0-2: Ball
1-2: Fly out, F5 (Line Drive, 5, EV 72.5 MPH)
Top of the 5th over - 0 runs, 0 hits, 0 errors, 0 left on base; Chicago 2 - Caldwell 1
BOTTOM OF THE 5TH
Caldwell Chiefs batting - Pitching for Chicago Tula : LHP Clément Moreno
Batting: LHB John Kersey 0-0: Ball
1-0: Ball
2-0: Called Strike
2-1: Swinging Strike
2-2: Strikes out swinging
Batting: RHB Clark Curtis 0-0: Called Strike
0-1: Ball
1-1: Foul Ball, location: 2F
1-2: Foul Ball, location: 2F
1-2: Strikes out looking
Batting: RHB Tim Garner 0-0: Ball
1-0: Foul Ball, location: 2F
1-1: SINGLE (Groundball, 4MD, EV 105.6 MPH)
Batting: RHB Luis Miguel Monteblanco 0-0: Fly out, F1 (Line Drive, P, EV 65.0 MPH)
Bottom of the 5th over - 0 runs, 1 hit, 0 errors, 1 left on base; Chicago 2 - Caldwell 1
TOP OF THE 6TH
Chicago Tula batting - Pitching for Caldwell Chiefs : RHP Helge Zharuev
Batting: LHB Cisco Gracía 0-0: Foul Ball, location: 2F
0-1: Called Strike
0-2: SINGLE (Flyball, 78S, EV 91.2 MPH)
Batting: RHB Guillermo Dettori 0-0: Called Strike
0-1: Foul Ball, location: 2F
0-2: Ball
1-2: Ball
2-2: TRIPLE (Flyball, 78XD, EV 101.9 MPH)
Cisco Gracía scores
Batting: LHB Andrew Gray 0-0: Intentional Walk
Batting: RHB Kichibei Kawaguchi 0-0: Fly out, F7 (Flyball, 78S, EV 88.1 MPH)
Batting: RHB John Montgomery 0-0: Ground out 5-3 (Groundball, 56S, EV 88.8 MPH)
Andrew Gray to second
Batting: RHB Chad Brown 0-0: Ground out 1-3 (Groundball, 13, EV 75.0 MPH)
Top of the 6th over - 1 run, 2 hits, 0 errors, 2 left on base; Chicago 3 - Caldwell 1
BOTTOM OF THE 6TH
Caldwell Chiefs batting - Pitching for Chicago Tula : LHP Clément Moreno
Batting: RHB Nick Davis 0-0: SINGLE (Groundball, 56S, EV 90.0 MPH) (infield hit)
Batting: RHB Derrick Davis 0-0: Ball
1-0: SINGLE (Line Drive, 89S, EV 104.4 MPH)
Nick Davis to second
Batting: RHB Gin-fan Chong 0-0: Ball
1-0: Ball
2-0: Foul Ball, location: 2F
2-1: Ball
3-1: Fielders Choice at 2nd, 4-6 (Groundball, 4, EV 102.5 MPH)
Nick Davis to third
Batting: RHB Dan Babauta 0-0: Ball
1-0: Fly out, F9 (Line Drive, 9, EV 85.6 MPH)
Runner from 3rd tags up, SCORES, throw by RF
Batting: RHB Kane Felton 0-0: Ball
Wild Pitch!
Gin-fan Chong to second
1-0: Fly out, F8 (Flyball, 89M, EV 93.8 MPH)
Bottom of the 6th over - 1 run, 2 hits, 0 errors, 1 left on base; Chicago 3 - Caldwell 2
TOP OF THE 7TH
Chicago Tula batting - Pitching for Caldwell Chiefs : RHP Helge Zharuev
Batting: RHB Millard King 0-0: Foul Ball, location: 2F
0-1: Called Strike
0-2: Strikes out looking
Batting: RHB Esteban Rojas 0-0: SINGLE (Line Drive, 78S, EV 95.6 MPH)
Batting: RHB Jeff Weber 0-0: Called Strike
0-1: Ball
1-1: Ball
2-1: Called Strike
2-2: Grounds into double play, 5-4-3 (Groundball, 56, EV 80.0 MPH)
Top of the 7th over - 0 runs, 1 hit, 0 errors, 0 left on base; Chicago 3 - Caldwell 2
BOTTOM OF THE 7TH
Caldwell Chiefs batting - Pitching for Chicago Tula : LHP Clément Moreno
Batting: LHB John Kersey 0-0: Foul Ball, location: 2F
0-1: Swinging Strike
0-2: Ball
1-2: SOLO HOME RUN (Flyball, 9D, EV 95.0 MPH), Distance : 372 ft
Batting: RHB Clark Curtis 0-0: Ball
1-0: Foul Ball, location: 2F
1-1: Ball
2-1: Ground out 5-3 (Groundball, 56, EV 83.8 MPH)
Batting: RHB Tim Garner 0-0: Foul Ball, location: 2F
0-1: SINGLE (Line Drive, 7S, EV 91.9 MPH)
Pitching: RHP Rusty Williams
Batting: RHB Luis Miguel Monteblanco 0-0: Ball
1-0: Foul Ball, location: 2F
1-1: Fly out, F7 (Line Drive, 7, EV 89.4 MPH)
Batting: RHB Nick Davis 0-0: Ball
1-0: Ball
2-0: Swinging Strike
2-1: Ball
3-1: Fly out, F9 (Flyball, 9D, EV 106.9 MPH)
Bottom of the 7th over - 1 run, 2 hits, 0 errors, 1 left on base; Chicago 3 - Caldwell 3
TOP OF THE 8TH
Chicago Tula batting - Pitching for Caldwell Chiefs : RHP Helge Zharuev
Batting: LHB Cisco Gracía 0-0: Called Strike
0-1: Ground out 4-3 (Groundball, 34D, EV 105.6 MPH)
Batting: RHB Guillermo Dettori 0-0: Fly out, F8 (Flyball, 8RM, EV 79.4 MPH)
Batting: LHB Andrew Gray 0-0: Ball
1-0: DOUBLE (Flyball, 89D, EV 96.9 MPH)
Pitching: RHP Víctor Moreno
Batting: RHB Kichibei Kawaguchi 0-0: Foul Ball, location: 2F
0-1: Called Strike
0-2: DOUBLE (Flyball, 8RXD, EV 90.6 MPH)
Andrew Gray scores
Batting: RHB John Montgomery 0-0: Called Strike
0-1: Foul Ball, location: 2F
0-2: Ball
1-2: Foul Ball, location: 2F
1-2: Fly out, F2 (Popup, 23F, EV 85.0 MPH)
Top of the 8th over - 1 run, 2 hits, 0 errors, 1 left on base; Chicago 4 - Caldwell 3
BOTTOM OF THE 8TH
Caldwell Chiefs batting - Pitching for Chicago Tula : RHP Rusty Williams
Batting: RHB Derrick Davis 0-0: Foul Ball, location: 2F
0-1: Ball
1-1: Ball
2-1: Foul Ball, location: 2F
2-2: Foul Ball, location: 2F
2-2: DOUBLE (Line Drive, 89XD, EV 96.9 MPH)
Batting: RHB Gin-fan Chong 0-0: Ball
Wild Pitch!
Derrick Davis to third
1-0: Swinging Strike
1-1: Foul Ball, location: 2F
1-2: SINGLE (Flyball, 9LM, EV 100.6 MPH)
Derrick Davis scores
Batting: RHB Dan Babauta 0-0: Called Strike
0-1: Grounds into double play, 6-4-3 (Groundball, 6, EV 105.6 MPH)
Batting: RHB Kane Felton 0-0: Ball
1-0: Ball
2-0: Ball
3-0: Called Strike
3-1: Foul Ball, location: 2F
3-2: Ground out 5-3 (Groundball, 5, EV 105.0 MPH)
Bottom of the 8th over - 1 run, 2 hits, 0 errors, 0 left on base; Chicago 4 - Caldwell 4
TOP OF THE 9TH
Chicago Tula batting - Pitching for Caldwell Chiefs : RHP Víctor Moreno
Batting: RHB Chad Brown 0-0: Called Strike
0-1: Ground out 1-3 (Groundball, 13, EV 64.4 MPH)
Pinch Hitting: LHB Rafael Mora 0-0: Ball
1-0: Ball
2-0: Ball
3-0: Base on Balls
Batting: RHB Esteban Rojas 0-0: Ball
1-0: Called Strike
1-1: Ball
2-1: Reached on error, E5 (Groundball, 5S, EV 82.5 MPH)
Rafael Mora to second
Batting: RHB Jeff Weber 0-0: Ball
1-0: SINGLE (Groundball, 3D, EV 106.2 MPH)
Rafael Mora to third
Esteban Rojas to second
Runner from 3rd tries for Home, SAFE, no throw by RF
Batting: LHB Cisco Gracía 0-0: Called Strike
0-1: Fly out, F6 (Flyball, 6MD, EV 94.4 MPH)
Batting: RHB Guillermo Dettori 0-0: SINGLE (Groundball, 56, EV 108.1 MPH) (infield hit)
Esteban Rojas to third
Jeff Weber to second
Batting: LHB Andrew Gray 0-0: Ball
1-0: Called Strike
1-1: Called Strike
1-2: Ball
2-2: Fly out, F9 (Flyball, 9LS, EV 85.0 MPH)
Top of the 9th over - 1 run, 2 hits, 1 error, 3 left on base; Chicago 5 - Caldwell 4
BOTTOM OF THE 9TH
Caldwell Chiefs batting - Pitching for Chicago Tula : RHP Rusty Williams
Pitching: RHP Jing-quo Ts'ai
Now at C: Bob Fisher
Now in RF: Rafael Mora
Batting: LHB John Kersey 0-0: Called Strike
0-1: Ball
1-1: Swinging Strike
1-2: Ball
2-2: Foul Ball, location: 2F
2-2: Ground out U3 (Groundball, 3L, EV 87.5 MPH)
Batting: RHB Clark Curtis 0-0: Ball
1-0: Ball
2-0: Ball
3-0: Called Strike
3-1: Swinging Strike
3-2: Base on Balls
Pinch Hitting: LHB Dan Webb 0-0: Ball
1-0: Ball
2-0: Swinging Strike
2-1: Ball
3-1: Called Strike
3-2: Base on Balls
Clark Curtis to second
Pitching: LHP Peter Bradley
Batting: RHB Luis Miguel Monteblanco 0-0: Ball
1-0: Swinging Strike
1-1: Foul Ball, location: 2F
1-2: Ball
2-2: Ball
3-2: Base on Balls
Clark Curtis to third
Dan Webb to second
Batting: RHB Nick Davis 0-0: Called Strike
0-1: Foul Ball, location: 2F
0-2: SINGLE (Line Drive, 3D, EV 95.0 MPH)
Clark Curtis scores
Dan Webb to third
Luis Miguel Monteblanco to second
Batting: RHB Derrick Davis 0-0: Ball
Wild Pitch!
Dan Webb scores
Friday, March 26th, 2021 - OOTP Baseball 20.8 Build 74